 Dungeon Crawl Stone Soup version 0.27.0-1-g7a089689b8 (webtiles) character file.

Game seed: 18089929477925811903

84 shadowrider38 the Magician (level 4, 0/24 HPs)
             Began as a Deep Elf Earth Elementalist on Aug 14, 2021.
             Slain by an orc wizard (1 damage)
             ... on level 3 of the Dungeon.
             The game lasted 00:06:32 (2373 turns).

shadowrider38 the Magician (DEEE)                   Turns: 2373, Time: 00:06:33

Health: 0/24       AC:  2    Str:  5    XL:     4   Next: 23%
Magic:  4/12       EV: 12    Int: 21    God:
Gold:   107        SH:  0    Dex: 15    Spells: 8/12 levels left

rFire    + . .     SeeInvis .   a - +0 whip
rCold    x . .     Faith    .   (no shield)
rNeg     . . .     Spirit   .   b - +0 robe
rPois    .         Reflect  .   (no helmet)
rElec    .         Harm     .   (no cloak)
rCorr    .         Rampage  .   (no gloves)
Will     .....                  (no boots)
Stlth    ++........             (no amulet)
HPRegen  0.08/turn              e - ring of fire
MPRegen  0.13/turn              (no ring)

@: very slightly contaminated
A: no striking features
a: no special abilities


You were on level 3 of the Dungeon.
You visited 1 branch of the dungeon, and saw 4 of its levels.

You collected 107 gold pieces.

Inventory:

Hand Weapons
 a - a +0 whip (weapon)
Missiles
 c - 64 stones
Armour
 b - a +0 robe (worn)
 d - a +0 plate armour
Jewellery
 e - a ring of fire (left hand)
 o - an amulet of the acrobat
 p - a +4 ring of evasion
Scrolls
 f - a scroll of enchant armour {unknown}
 h - 2 scrolls of amnesia {unknown}
 j - a scroll of silence {unknown}
 k - 2 scrolls of fog {unknown}
 l - 2 scrolls of identify {unknown}
 m - a scroll of fear {unknown}
 q - 2 scrolls of magic mapping {unknown}
Potions
 g - a potion of invisibility {unknown}
 i - 2 potions of heal wounds {unknown}
 n - a potion of lignification {unknown}
 r - a potion of curing {unknown}


   Skills:
 - Level 2.4 Dodging
 - Level 2.4 Stealth
 + Level 4.7 Spellcasting
 - Level 1.1 Transmutations
 + Level 4.6 Earth Magic


You had 8 spell levels left.
You knew the following spells:

 Your Spells              Type           Power      Damage    Failure   Level
a - Sandblast             Erth           48%        2d12      1%          1
b - Stone Arrow           Conj/Erth      28%        3d8       13%         3

Your spell library contained the following spells:

 Spells                   Type           Power      Damage    Failure   Level
 Passwall                 Tmut/Erth      14%        N/A       4%          2
 Animate Skeleton         Necr           8%         N/A       11%         1
 Pain                     Necr           16%        1d4       11%         1
 Vampiric Draining        Necr           2%         2d6       32%         3
 Petrify                  Tmut/Erth      17%        N/A       32%         4


Dungeon Overview and Level Annotations

Branches:
Dungeon (4/15)
 Temple: D:4-7

Altars:


Message History

Press: ? - help, Q - select action, (/) - cycle Shift-Dir - straight line, f/p - orc wizard
Aim: an orc wizard, wielding a +2 dagger of pain and wearing a +0 robe (76% to hit)
The blast of sand hits the orc.
The orc is heavily wounded.
The orc wizard mumbles some strange words.
The orc wizard flickers and vanishes!
Deactivating autopickup; reactivate with Ctrl-A.
Aiming: Sandblast (safe; 1% risk of failure)
Press: ? - help, Q - select action, (/) - cycle Shift-Dir - straight line, f - orc
Aim: an orc, wielding a +0 hand axe and wearing a +0 leather armour (heavily wounded, 81% to hit)
The blast of sand hits the orc!
You kill the orc!
Aiming: Sandblast (safe; 1% risk of failure)
Press: ? - help, Q - select action, (/) - cycle Shift-Dir - straight line, f - adder
Aim: an adder (68% to hit)
The blast of sand hits the adder!
The adder is severely wounded.
The adder misses you.
Aiming: Sandblast (safe; 1% risk of failure)
Press: ? - help, Q - select action, (/) - cycle Shift-Dir - straight line, f/p - adder
Aim: an adder (severely wounded, 68% to hit)
The blast of sand hits the adder!
You kill the adder!
Aiming: Sandblast (safe; 1% risk of failure)
Press: ? - help, Q - select action, (/) - cycle Shift-Dir - straight line You miscast Sandblast.
Nothing appears to happen.
Something hits you.
* * * LOW HITPOINT WARNING * * *
You writhe in agony.
* * * LOW HITPOINT WARNING * * *
Aiming: Sandblast (safe; 1% risk of failure)
Press: ? - help, Q - select action, (/) - cycle Shift-Dir - straight line The blast of sand hits something!
Something completely misses you.
Aiming: Sandblast (safe; 1% risk of failure)
Press: ? - help, Q - select action, (/) - cycle Shift-Dir - straight line Something hits you.
* * * LOW HITPOINT WARNING * * *
You writhe in agony.
You die...

#...#.#. ####.##.#.
#......<.. #.###.###. ###
#.#<....#. <...
#.#..#..#. .....
####.......#.
......#######.....).##.#.
.......)@................
......#######.......###.#
..... #.......# #.# ###.
#.......# #.. # #.......#
##. #.......# #.
#.......# ##
#.......#####
#########....


There were no monsters in sight!

Vanquished Creatures
  3 adders
  2 dart slugs (D:1)
  2 orcs (D:3)
  2 endoplasms
  3 giant cockroaches
  3 hobgoblins
  7 jackals
  2 quokkas
  4 ball pythons
  3 bats
  2 frilled lizards (D:1)
  5 goblins
  4 kobolds
  5 rats
47 creatures vanquished.

Notes
Turn   | Place    | Note
-------+----------+-------------------------------------------
     0 | D:1      | shadowrider38 the Deep Elf Earth Elementalist began the
                  | quest for the Orb.
     0 | D:1      | Reached XP level 1. HP: 10/10 MP: 6/6
   166 | D:1      | Reached XP level 2. HP: 15/15 MP: 6/8
   600 | D:1      | Found a faded altar of an unknown god.
  1285 | D:2      | Reached XP level 3. HP: 14/19 MP: 5/10
  1488 | D:2      | Learned a level 3 spell: Stone Arrow
  2247 | D:3      | Reached XP level 4. HP: 24/24 MP: 10/12
  2373 | D:3      | HP: 1/24 [something (5)]
  2373 | D:3      | Slain by an orc wizard

Illustrated notes

Levels and vault maps discovered:
D:1:      doesnt_arrival_eight_statues, layout_basic,
          shapermc_ecumenical_altar_acropolis, nrook_campfire
D:2:      layout_rooms, chequers_serial_rivers_marsh, interstate_on_off,
          serial_park_tiny_2
D:3:      layout_basic
D:4:      layout_cave_pods

Skill      XL: |  1  2 |
---------------+-------+-----
Earth Magic    | 4 |  4.6
Spellcasting   | 4 |  4.7
Dodging        | |  2.4
Stealth        | |  2.4
Transmutations | |  1.1

Action                   |  1- 3 |  4- 6 || total
-------------------------+-------+-------++-------
Melee: Whip              |    15 |     1 ||    16
       Unarmed           |     7 |       ||     7
 Cast: Sandblast         |    53 |     9 ||    62
 Stab: Sleeping          |     1 |       ||     1
Armor: Robe              |     6 |       ||     6
Dodge: Dodged            |    45 |     4 ||    49
